 Dungeon Crawl Stone Soup version 0.19.1 (webtiles) character file.

59 Host24 the Sneak (level 4, -5/28 HPs)
             Began as a Kobold Assassin on Dec 24, 2016.
             Slain by an orc warrior
             ... wielding a +0 war axe of electrocution
              (20 damage)
             ... on level 1 of the Dungeon.
             The game lasted 00:04:14 (1623 turns).

Host24 the Sneak (Kobold Assassin)                  Turns: 1623, Time: 00:04:15

Health: -5/28      AC:  3    Str:  8    XL:     4   Next: 22%
Magic:  4/4        EV: 16    Int: 12    God:
Gold:   18         SH:  0    Dex: 17    Spells: 0 memorised, 3 levels left

rFire  . . .     SeeInvis .     a - +2 dagger
rCold  . . .     Gourm    .     c - +0 robe
rNeg   . . .     Faith    .     (shield restricted)
rPois  .         Spirit   .     (no helmet)
rElec  .         Reflect  .     o - -2 cloak (curse)
rCorr  .         Harm     .     l - +1 pair of gloves
MR     .....                    (no boots)
Stlth  +++.......               (no amulet)
                                (no ring)
                                (no ring)

@: no status effects
A: carnivore 3
a: no special abilities


You were on level 1 of the Dungeon.
You were completely stuffed.

You visited 1 branch of the dungeon, and saw 2 of its levels.

You collected 18 gold pieces.

Inventory:

Hand Weapons
 a - a +2 dagger (weapon)
 b - a +0 blowgun
 k - a +0 hunting sling
 p - a cursed -2 dagger
Missiles
 e - 15 poisoned needles
 f - 2 curare-tipped needles
 j - 107 stones (quivered)
Armour
 c - a +0 robe (worn)
 d - a +0 cloak
 h - a cursed +0 leather armour
 l - a +1 pair of gloves (worn)
 o - a cursed -2 cloak (worn)
Scrolls
 i - 2 scrolls of random uselessness {unknown}
 m - a scroll of enchant armour {unknown}
 n - 3 scrolls of identify {unknown}
 s - a scroll of noise {unknown}
Potions
 q - a potion of degeneration {unknown}
 r - a potion of might
Comestibles
 g - a meat ration


   Skills:
 + Level 3.5 Fighting
 - Level 3.0 Short Blades
 - Level 2.1 Throwing
 - Level 3.0 Dodging
 - Level 5.3 Stealth


You had 3 spell levels left.
You didn't know any spells.

Dungeon Overview and Level Annotations

Branches:
Dungeon (2/15)

Altars:
Elyvilon

Annotations:
D:2 Robin


Innate Abilities, Weirdness & Mutations

You are small and have problems with some larger weapons.
You are carnivorous and can eat meat at any time.


Message History

You kill the goblin!
You see here a goblin corpse.
You start resting.
HP restored.
You see here a goblin corpse.
You butcher the goblin corpse.
t - a chunk of flesh Eat a chunk of flesh? (ye/n/q)
You start eating the chunk of flesh.
This raw flesh tastes great.
An orc comes into view. It is wielding a club.
An orc comes into view. It is wielding a hand axe of freezing.
The orc shouts!
An orc warrior comes into view.
It is wielding a war axe of electrocution.
There is a stone staircase leading down here.
You hit the orc warrior but do no damage.
The orc warrior hits you with a war axe of electrocution!
You are electrocuted!
Ouch! That really hurt!
You die...

#.#.####.###..#...
#.#...........#..#
#.#.########.##..#
#.................
#.#...............
#.#.########.##..#
#.#.##...# #.##.##
#>#....#.# #.##.#
######@####.#.###.##.#
#.....oo..........##.##
###)##o####.#.###.##...
#.##.# #.#.###.#####
#.##.# #.#.##.......
#.##.# #.#.##.#####.
#.##.# #.#.##.# #.
#.##.####%#.##.#####.
#...........##.#.....


You could see an orc warrior and 2 orcs.

Vanquished Creatures
  An adder (D:2)
  2 dart slugs
  A ball python (D:1)
  8 bats
  3 giant cockroaches (D:1)
  11 goblins
  4 hobgoblins
  4 kobolds
  5 frilled lizards
  2 rats (D:1)
41 creatures vanquished.

Notes
Turn   | Place    | Note
-------+----------+-------------------------------------------
     0 | D:1      | Host24 the Kobold Assassin began the quest for the Orb.
     0 | D:1      | Reached XP level 1. HP: 12/12 MP: 1/1
   101 | D:1      | Reached XP level 2. HP: 15/17 MP: 2/2
   533 | D:1      | Reached XP level 3. HP: 22/22 MP: 3/3
  1264 | D:2      | Reached XP level 4. HP: 28/28 MP: 4/4
  1357 | D:2      | Found a white marble altar of Elyvilon.
  1364 | D:2      | Noticed Robin
  1622 | D:1      | Noticed an orc warrior
  1623 | D:1      | Slain by an orc warrior

Skill      XL: |  1  2  3 |
---------------+----------+-----
Dodging        | 2 3 |  3.0
Short Blades   | 3 |  3.0
Fighting       | 3 |  3.5
Throwing       | |  2.1
Stealth        | |  5.3

Action                   |  1- 3 |  4- 6 || total
-------------------------+-------+-------++-------
Melee: Dagger            |   104 |    48 ||   152
  Use: Potion            |     3 |       ||     3
 Stab: Sleeping          |     7 |     2 ||     9
       Invisible         |     1 |       ||     1
  Eat: Chunk             |     9 |     2 ||    11
Armor: Robe              |    18 |    15 ||    33
Dodge: Dodged            |    96 |    46 ||   142
